 Dungeon Crawl Stone Soup version 0.29-a0-542-g075992c915 (webtiles) character file.

Game seed: 8224060183607410937

3062 lunkers the Scholar of Death (level 9, -3/57 HPs)
             Began as a Vampire Necromancer on June 3, 2022.
             Was a Follower of Kikubaaqudgha.
             Slain by an orc warrior
             ... wielding a +0 war axe
              (8 damage)
             ... in a bailey on June 4, 2022.
             The game lasted 00:17:17 (7915 turns).

lunkers the Scholar of Death (Vampire Necromancer)  Turns: 7915, Time: 00:17:17

Health: -3/57      AC:  9    Str:  3    XL:     9   Next: 57%
Magic:  12/20      EV: 12    Int: 22    God:    Kikubaaqudgha [*.....]
Gold:   347        SH:  0    Dex: 17    Spells: 14/22 levels left

rFire   . . .      SeeInvis +   A - +8 spear of Prescription {speed, Will+ rCorr Str-4 Dex+3}
rCold   . . .      Faith    .   (no shield)
rNeg    . . .      Spirit   .   h - +0 robe
rPois   .          Reflect  .   D - +0 helmet
rElec   .          Harm     .   (no cloak)
rCorr   +          Rampage  .   f - +0 pair of gloves
Will    +....                   t - +0 pair of boots
Stlth   ++........              (no amulet)
HPRegen 0.39/turn               d - +4 ring of protection
MPRegen 0.17/turn               B - ring of resist corrosion

@: on berserk cooldown, animating dead, healing quickly, slowed, very slow
A: alive, fangs 3, see invisible, vampiric 2
a: Exsanguinate, Renounce Religion, Unearth Wretches


You were in a bailey.
You worshipped Kikubaaqudgha.
Kikubaaqudgha was aware of your devotion.
You visited 2 branches of the dungeon, and saw 8 of its levels.
You also visited: Bailey.

You collected 347 gold pieces.

Inventory:

Hand Weapons
 a - a +1 dagger of speed
 j - a +1 short sword of flaming
 n - a +2 antimagic dagger
 q - a +0 whip of pain
 A - the +8 spear of Prescription (weapon) {speed, Will+ rCorr Str-4 Dex+3}
   (You found it on level 5 of the Dungeon)

   Attacks with this weapon are significantly faster.
   Str:       It affects your strength (-4).
   Dex:       It affects your dexterity (+3).
   rCorr:     It protects you from acid and corrosion.
   Will:      It increases your willpower.
Missiles
 l - a throwing net
Armour
 f - a +0 pair of gloves (worn)
 h - a +0 robe (worn)
 t - a +0 pair of boots (worn)
 D - a +0 helmet (worn)
Magical Staves
 m - a staff of earth
Jewellery
 d - a +4 ring of protection (left hand)
 y - an amulet of faith
 B - a ring of resist corrosion (right hand)
Wands
 s - a wand of flame (11)
 z - a wand of polymorph (14)
Scrolls
 i - a scroll of acquirement
 x - a scroll of teleportation
Potions
 b - a potion of magic
 e - 4 potions of mutation
 g - 7 potions of curing
 k - a potion of cancellation
 o - 2 potions of attraction
 p - a potion of lignification
 r - a potion of haste
 w - a potion of heal wounds
 C - 2 potions of flight {unknown}


   Skills:
 - Level 2.1 Dodging
 - Level 3.0 Stealth
 + Level 7.3 Spellcasting
 * Level 12.7 Necromancy


You had 14 spell levels left.
You knew the following spells:

 Your Spells              Type           Power      Damage    Failure   Level
a - Necrotize             Necr           100%       1d9       1%          1
b - Vampiric Draining     Necr           59%        2d10      1%          3
c - Animate Dead          Necr           59%        N/A       1%          4

Your spell library contained the following spells:

 Spells                   Type           Power      Damage    Failure   Level
 Sublimation of Blood     Necr           59%        N/A       1%          2
 Agony                    Necr           59%        N/A       1%          5
 Anguish                  Hex/Necr       18%        N/A       6%          4
 Sandblast                Erth           16%        2d6       8%          1
 Ensorcelled Hibernation  Hex/Ice        16%        N/A       12%         2
 Passwall                 Tmut/Erth      6%         N/A       12%         2
 Scorch                   Fire           16%        2d5       12%         2
 Dazzling Flash           Conj/Hex       16%        N/A       24%         3
 Stone Arrow              Conj/Erth      16%        3d8       24%         3
 Swiftness                Air            8%         N/A       24%         3
 Flame Wave               Conj/Fire      8%         2d5       61%         4
 Silence                  Hex/Air        4%         N/A       91%         5
 Summon Cactus Giant      Summ           4%         N/A       100%        6


Dungeon Overview and Level Annotations

Branches:
Dungeon (7/15)             Temple (1/1) D:7          Bailey (1/1)

Altars:
Dithmenos
Fedhas
Hepliaklqana
Kikubaaqudgha
Makhleb
Qazlal
Sif Muna
Trog
Vehumet
Wu Jian
The Shining One

Shops:
D:2 (**


Innate Abilities, Weirdness & Mutations

Your natural rate of healing is accelerated.
You have razor-sharp teeth.
You have supernaturally acute eyesight. (SInv)
You are afflicted with vampirism and can become a bat while bloodless.


Message History

The goblin barely misses you.
Unknown command.
You closely miss the orc warrior.
You bite the orc warrior, but do no damage.
Your orc warrior zombie barely misses the goblin.
The goblin completely misses you.
The goblin closely misses your orc warrior zombie.
The orc warrior barely misses you. The goblin hits you but does no damage.
The orc warrior completely misses you.
Unknown command.
You puncture the orc warrior!
The orc warrior is moderately wounded.
Unknown command.
You hit the orc warrior.
The orc warrior is heavily wounded.
Unknown command.
You hit the orc warrior.
The orc warrior is heavily wounded.
The goblin misses you.
The goblin hits your orc warrior zombie with a +0 hand axe.
The orc warrior hits you with a +0 war axe!
* * * LOW HITPOINT WARNING * * *
The orc warrior barely misses you. The goblin closely misses you.
Your orc warrior zombie hits the goblin!
The goblin dies!
Kikubaaqudgha accepts your kill.
Unknown command.
You closely miss the orc warrior.
The orc warrior is heavily wounded.
Unknown command.
Unknown command.
You hit the orc warrior but do no damage.
You bite the orc warrior.
The orc warrior is severely wounded.
You are no longer berserk.
You are exhausted.
You feel yourself slow down.
The orc warrior hits you with a +0 war axe!
You die...
Kikubaaqudgha rasps: "You have failed me!
Welcome... death!"

≈≈≈≈≈≈≈≈≈≈≈≈≈≈≈≈≈≈≈≈≈≈≈≈
≈≈≈≈≈≈≈≈≈≈≈≈≈≈≈≈≈≈≈≈≈≈≈≈
≈≈≈≈≈≈≈≈≈≈≈≈≈≈≈≈≈≈≈≈≈≈≈≈
≈≈≈≈≈≈≈≈≈≈≈≈≈≈≈≈≈≈≈≈≈≈≈
≈≈≈≈≈≈≈≈≈≈≈≈≈≈≈≈≈≈≈≈≈≈
######†≈≈≈≈≈≈≈≈≈≈###### ≈≈≈
#.'........∩........'.# ≈≈≈≈
###).######Z######..###≈≈≈≈≈
#....#[[.#)@)#...#....#≈≈≈≈≈
#....#[[.#oog#...#....#≈≈≈≈≈
#'#'##+###8.8###+##'#'#≈≈≈≈≈
≈≈.#..# #...# #..#.≈≈≈≈≈≈
≈≈≈.#..# #8.8# #..#.≈≈≈≈≈≈
≈≈≈ #..# #...# #..#Z≈≈≈≈≈≈
#..# #...# #..#.≈≈≈≈≈≈ #Z)#
##'## #..#.≈≈≈≈≈≈ ##)# ...
#+##.≈≈≈≈≈≈


You could see 2 orc warriors, a goblin and a friendly orc warrior zombie.

Vanquished Creatures
  A wyvern (D:7)
  Menkaure (D:6)
  2 water moccasins
  Duvessa (D:7)
  8 orc warriors (Bailey)
  A sky beast (D:7)
  2 ice beasts (D:5)
  An ogre (D:5)
  A phantom (D:5)
  A kobold brigand (D:6)
  2 necrophages (D:5)
  3 scorpions
  Dowan (D:7)
  3 electric eels (Bailey)
  5 hounds
  An orc priest (D:4)
  A jelly (D:6)
  A gnoll shaman (D:7)
  5 iguanas (D:5)
  4 orc wizards
  Robin (D:2)
  7 adders
  8 gnolls
  2 shadow imps (D:6)
  A white imp (D:5)
  An ufetubus (D:6)
  A worm (D:2)
  5 dart slugs
  17 orcs
  A bat zombie (D:2)
  4 endoplasms
  5 giant cockroaches
  21 goblins
  12 hobgoblins
  3 quokkas
  5 ball pythons
  A ball python skeleton (D:2)
  2 ball python zombies (D:2)
  6 bats
  10 kobolds
  3 rats (D:1)
161 creatures vanquished.

Vanquished Creatures (collateral kills)
  2 goblins (Bailey)
2 creatures vanquished.

Vanquished Creatures (others)
  3 gnoll zombies (Bailey)
  5 goblin zombies (Bailey)
  5 hobgoblin zombies (Bailey)
  4 orc zombies (Bailey)
  3 withered plants (D:2)
20 creatures vanquished.

Grand Total: 183 creatures vanquished

Notes
Turn   | Place    | Note
-------+----------+-------------------------------------------
     0 | D:1      | lunkers the Vampire Necromancer began the quest for the
                  | Orb.
     0 | D:1      | Reached XP level 1. HP: 13/13 MP: 3/3
   234 | D:1      | Reached XP level 2. HP: 19/19 MP: 1/5
   601 | D:1      | Reached skill level 5 in Necromancy
   799 | D:1      | Found a faded altar of an unknown god.
   924 | D:1      | Gained mutation: You are afflicted with vampirism and can
                  | become a bat while bloodless. [Vampire growth]
   924 | D:1      | Reached XP level 3. HP: 24/24 MP: 0/6
  1247 | D:2      | Found Peninid's Assorted Antiques.
  1397 | D:2      | Found Jodeus's General Store.
  1400 | D:2      | Noticed Robin
  1717 | D:2      | Reached XP level 4. HP: 30/30 MP: 4/8
  1828 | D:2      | Found Aqeluhy's Weapon Emporium.
  1907 | D:2      | Killed Robin
  2505 | D:4      | Reached skill level 6 in Necromancy
  2550 | D:4      | Noticed a scorpion
  2553 | D:4      | Killed a scorpion
  2554 | D:4      | Reached XP level 5. HP: 35/35 MP: 4/9
  2558 | D:4      | Learned a level 3 spell: Vampiric Draining
  2563 | D:4      | Learned a level 4 spell: Animate Dead
  2827 | D:4      | Found a shimmering blue altar of Sif Muna.
  3331 | D:5      | Entered Level 5 of the Dungeon
  3456 | D:5      | Reached skill level 7 in Necromancy
  3461 | D:5      | Reached XP level 6. HP: 37/41 MP: 7/11
  3815 | D:5      | Identified the +8 spear of Prescription {speed, Will+ rCorr
                  | Str-4 Dex+3}
  3864 | D:5      | Noticed an ice beast
  3879 | D:5      | Killed an ice beast
  3880 | D:5      | Reached skill level 8 in Necromancy
  3880 | D:5      | Reached XP level 7. HP: 44/46 MP: 9/13
  4364 | D:5      | Reached skill level 5 in Spellcasting
  4364 | D:5      | Reached skill level 9 in Necromancy
  4856 | D:5      | Reached XP level 8. HP: 52/52 MP: 7/15
  5208 | D:5      | Reached skill level 10 in Necromancy
  6199 | D:6      | Found a burning altar of Makhleb.
  6199 | D:6      | Noticed an Executioner
  6352 | D:6      | Noticed Menkaure
  6362 | D:6      | Killed Menkaure
  6837 | D:7      | Noticed Dowan
  6837 | D:7      | Noticed Duvessa
  6864 | D:7      | Killed Duvessa
  6865 | D:7      | Reached skill level 11 in Necromancy
  6868 | D:7      | Killed Dowan
  6964 | D:7      | Found a staircase to the Ecumenical Temple.
  6976 | Temple   | Entered the Ecumenical Temple
  6983 | Temple   | Became a worshipper of Kikubaaqudgha
  6999 | D:7      | Reached XP level 9. HP: 43/57 MP: 14/18
  7018 | D:7      | Found a flagged portal.
  7049 | Bailey   | Entered a bailey
  7206 | Bailey   | Reached skill level 12 in Necromancy
  7423 | Bailey   | Noticed an orc sorcerer
  7622 | Bailey   | Reached * piety under Kikubaaqudgha
  7622 | Bailey   | Received a gift from Kikubaaqudgha
  7657 | Bailey   | HP: 2/54 [orc sorcerer/bolt of negative energy (23)]
  7864 | Bailey   | Found an iron altar of Okawaru.
  7882 | Bailey   | Noticed an orc high priest
  7915 | Bailey   | Slain by an orc warrior

Illustrated notes

Levels and vault maps discovered:
D:1:      nzn_arrival_settlement, layout_loops_ring,
          shapermc_ecumenical_altar_petra
D:2:      layout_rooms, serial_shops, nicolae_shop_competitors_out_of_business,
          nicolae_shop_advertising_works [nicolae_subvault_shop_adworks], shop,
          serial_undead, serial_undead_d, serial_undead_f, serial_undead_e,
          serial_undead_a, minmay_distorted, uniq_robin
D:3:      layout_basic
D:4:      layout_loops_ring, nicolae_overflow_hidden_temple
D:5:      minmay_razor_zed, layout_loops_corners, kennysheep_donut,
          roderic_lattice_a
D:6:      layout_basic, makhleb_altar_promises_db, uniq_menkaure
D:7:      minmay_chambers_of_fours, layout_basic, kennysheep_slug_shrine,
          minmay_temple_entry_trees, enter_bailey_3, uniq_duvessa, uniq_pikel
Temple:   nicolae_temple_x_marks_the_god
Bailey:   bailey_axe_of_yendor_kennysheep, bailey

Skill      XL: |  1  2  3  4  5  6  7  8  9 |
---------------+----------------------------+-----
Necromancy     | 5 6 7 8 9 11 12 | 12.7
Spellcasting   | 3 4 5 6 7 |  7.3
Dodging        | |  2.1
Stealth        | |  3.0

Action                   |  1- 3 |  4- 6 |  7- 9 || total
-------------------------+-------+-------+-------++-------
Melee: Unarmed           |     2 |       |       ||     2
       Bite              |     5 |    15 |    22 ||    42
       Dagger            |    43 |    78 |       ||   121
       Punch             |     1 |     1 |     5 ||     7
       Spear             |       |    10 |   208 ||   218
 Cast: Necrotize         |    62 |    51 |   104 ||   217
       Vampiric Draining |       |     1 |    36 ||    37
       Animate Dead      |       |       |     3 ||     3
Evoke: Wand              |       |       |     2 ||     2
  Use: Scroll            |       |       |    16 ||    16
       Potion            |       |       |     1 ||     1
 Stab: Sleeping          |     1 |     1 |     2 ||     4
       Distracted        |     1 |       |       ||     1
Armor: Robe              |    23 |    23 |    58 ||   104
Dodge: Dodged            |    20 |    36 |   120 ||   176

Table legend: (Time is in decaauts)
 A = Elapsed time spent in this place.
 B = Non-inter-level travel time spent in this place.
 C = Inter-level travel time spent in this place.
 D = Time resting spent in this place.
 E = Time spent auto-exploring this place.
 F = Levels seen in this place.
 G = Mean time per level.
                   A        B        C        D        E       F      G
               +--------+--------+--------+--------+--------+-----+--------+
         Total |   7840 |   7515 |    325 |    565 |   5476 |   9 |  871.1 |
       Dungeon |   6985 |   6673 |    312 |    159 |   5425 |   7 |  997.9 |
        Temple |     14 |      1 |     13 |      0 |      0 |   1 |   14.0 |
        Bailey |    840 |    840 |      0 |    406 |     51 |   1 |  840.0 |
               +--------+--------+--------+--------+--------+-----+--------+

Top non-repeatable levels by time:
     D:5: 2076 daAuts
     D:1: 1093 daAuts
     D:4: 963 daAuts
     D:6: 934 daAuts
     D:2: 863 daAuts
  Bailey: 840 daAuts
     D:3: 559 daAuts
     D:7: 494 daAuts
  Temple: 14 daAuts
